 Dungeon Crawl Stone Soup version 0.19.1 (webtiles) character file.

103 nikopol the Skirmisher (level 4, -2/29 HPs)
             Began as a Gargoyle Berserker on Dec 21, 2016.
             Was a Believer of Trog.
             Killed by nerve-wracking pain
             ... invoked by Grinder
              (4 damage)
             ... while paralysed by Grinder
             ... on level 2 of the Dungeon.
             The game lasted 00:04:34 (1729 turns).

nikopol the Skirmisher (Gargoyle Berserker)         Turns: 1729, Time: 00:04:35

Health: -2/29      AC: 12    Str: 20    XL:     4   Next: 79%
Magic:  4/4        EV:  2    Int:  8    God:    Trog [**....]
Gold:   74         SH:  0    Dex: 10    Spells: 0 memorised, 3 levels left

rFire  . . .     SeeInvis .     a - +0 hand axe
rCold  . . .     Gourm    .     g - +0 scale mail
rNeg   + . .     Faith    .     (no shield)
rPois  ∞         Spirit   .     j - +0 helmet
rElec  +         Reflect  .     u - +0 cloak
rCorr  .         Harm     .     (no gloves)
MR     .....                    (no boots)
Stlth  ..........               (no amulet)
                                (no ring)
                                (no ring)

@: paralysed
A: negative energy resistance 1, electricity resistance, unbreathing,
petrification resistance, rot immunity, AC +3
a: Berserk, Trog's Hand, Burn Spellbooks, Renounce Religion


You were on level 2 of the Dungeon.
You worshipped Trog.
Trog was pleased with you.
You were hungry.

You visited 1 branch of the dungeon, and saw 3 of its levels.

You collected 74 gold pieces.

Inventory:

Hand Weapons
 a - a +0 hand axe (weapon)
Armour
 b - a +0 animal skin
 g - a +0 scale mail (worn)
 j - a +0 helmet (worn)
 u - a +0 cloak (worn)
Wands
 t - a wand of random effects (12/48)
Scrolls
 e - a scroll of remove curse {unknown}
 f - a scroll of teleportation {unknown}
 m - 2 scrolls of identify {unknown}
 q - a scroll of enchant weapon {unknown}
 r - a scroll of noise {unknown}
Potions
 h - 2 potions of invisibility {unknown}
 i - a potion of degeneration {unknown}
 k - a potion of cure mutation {unknown}
 l - 2 potions of curing {unknown}
Comestibles
 c - 2 bread rations
 d - 2 fruits
 n - a royal jelly
 o - 2 meat rations
 p - a slice of pizza
 s - a beef jerky


   Skills:
 + Level 4.2 Fighting
 + Level 3.1 Axes
 + Level 3.3 Armour
 + Level 2.3 Dodging


You had 3 spell levels left.
You didn't know any spells.

Dungeon Overview and Level Annotations

Branches:
Dungeon (3/15)

Altars:
Ashenzari
Uskayaw

Annotations:
D:2 Grinder
D:3 Sigmund


Innate Abilities, Weirdness & Mutations

You are resistant to torment.
Your stone body is resilient. (AC +3)
You are immune to poison.
You resist negative energy. (rN+)
You are resistant to electric shocks. (rElec)
You can survive without breathing.
You are immune to petrification.
You are immune to rotting.


Message History

Grinder is almost dead.
Grinder gestures at you.
You barely resist. You closely miss Grinder.
Grinder is almost dead.
Grinder hits you but does no damage.
You barely miss Grinder.
Grinder is almost dead.
Grinder gestures at you.
You suddenly lose the ability to move!
Grinder hits you.
You writhe in agony.
Grinder hits you!
* * * LOW HITPOINT WARNING * * *
You writhe in agony.
* * * LOW HITPOINT WARNING * * *
Grinder hits you but does no damage.
Grinder says, "At least Makhleb appreciates what I'm doing."
Grinder gestures at you. Pain shoots through your body!
You die...

..# #..<....# #.###.# #.##.. ..#
#.##########.# #.# #..... ..#####
#.# #.....###.# #.##..
......###.######.####...####.##.#
#)###............# ##...)...##.#
#.###.#.########## #.##.#####.#
#..........######## #....# #.#
##.............5..#######.# #..
....#<#.##.###..@>).......# ###
###.#.#.##.# #.##.#######.# # #
#.#.#.##.###.##.# #.# #### #
#.#.#........##.# #.# #...
#.#.####.######.# ###.####.##
#.#.####.# #.# #.....##.#
#....)...# #.#####.###.##.#
###.###### #.......# #....# ##.##
################


You could see Grinder.

Vanquished Creatures
  Crazy Yiuf (D:2)
  2 adders (D:2)
  An ooze (D:2)
  A worm (D:2)
  A dart slug (D:2)
  3 giant cockroaches (D:1)
  4 goblins
  10 hobgoblins
  7 kobolds
  A ball python (D:2)
  7 bats
  4 frilled lizards
  6 rats
48 creatures vanquished.

Notes
Turn   | Place    | Note
-------+----------+-------------------------------------------
     0 | D:1      | nikopol the Gargoyle Berserker began the quest for the Orb.
     0 | D:1      | Reached XP level 1. HP: 14/14 MP: 1/1
   101 | D:1      | Reached XP level 2. HP: 19/19 MP: 2/2
   507 | D:1      | Reached XP level 3. HP: 24/24 MP: 3/3
   683 | D:2      | Reached ** piety under Trog
   977 | D:2      | Found a runed door.
   981 | D:2      | Noticed Crazy Yiuf
   990 | D:2      | Killed Crazy Yiuf
   990 | D:2      | Reached skill level 4 in Fighting
   990 | D:2      | Reached XP level 4. HP: 16/29 MP: 4/4
  1475 | D:2      | Found a shattered altar of Ashenzari.
  1478 | D:2      | Found a hide-covered altar of Uskayaw.
  1693 | D:3      | Noticed Sigmund
  1696 | D:3      | Noticed Grinder
  1725 | D:2      | Paralysed by Grinder for 6 turns
  1729 | D:2      | Killed from afar by Grinder

Skill      XL: |  1  2  3  4 |
---------------+-------------+-----
Dodging        | 2 |  2.3
Fighting       | 4 |  4.2
Axes           | 3 |  3.1
Armour         | 3 |  3.3

Action                   |  1- 3 |  4- 6 || total
-------------------------+-------+-------++-------
Melee: Hand axe          |   115 |    65 ||   180
Invok: Berserk           |     1 |       ||     1
 Stab: Invisible         |     1 |       ||     1
  Eat: Chunk             |     1 |     2 ||     3
Armor: Animal skin       |     6 |       ||     6
       Scale mail        |    50 |    40 ||    90
Dodge: Dodged            |    74 |    42 ||   116
